 Dungeon Crawl Stone Soup version 0.27.1-4-g1640c2035a (webtiles) character file.

Game seed: 3895642068851866634

4382 Almogavar the Covert (level 10, 0/56 HPs)
             Began as a Kobold Conjurer on Nov 14, 2021.
             Was an Initiate of Nemelex Xobeh.
             Killed from afar by a gargoyle (30 damage)
             ... with a stone arrow
             ... on level 8 of the Dungeon.
             The game lasted 00:33:46 (11460 turns).

Almogavar the Covert (Kobold Conjurer)             Turns: 11460, Time: 00:33:47

Health: 0/56       AC:  8    Str:  5    XL:     10   Next: 61%
Magic:  1/20       EV: 16    Int: 23    God:    Nemelex Xobeh [......]
Gold:   381        SH:  0    Dex: 13    Spells: 12/22 levels left

rFire    . . .     SeeInvis .   K - +2 dagger (flame)
rCold    . . .     Faith    .   (shield restricted)
rNeg     . . .     Spirit   .   B - +0 steam dragon scales
rPois    .         Reflect  .   (no helmet)
rElec    .         Harm     .   s - +0 cloak
rCorr    +         Rampage  .   r - +0 pair of gloves
Will     .....                  i - +0 pair of boots
Stlth    ++++++....             (no amulet)
HPRegen  0.18/turn              t - ring of flight
MPRegen  0.17/turn              v - ring of resist corrosion

@: flying
A: small, no large weapons, nightstalker 3
a: Renounce Religion, Draw Escape, Draw Destruction, Draw Summoning


You were on level 8 of the Dungeon.
You worshipped Nemelex Xobeh.
Nemelex Xobeh was noncommittal.
You visited 2 branches of the dungeon, and saw 9 of its levels.

You collected 381 gold pieces.

Inventory:

Hand Weapons
 F - a +2 short sword of freezing
 K - a +2 dagger of flaming (weapon)
Armour
 a - a +0 robe
 i - a +0 pair of boots (worn)
 r - a +0 pair of gloves (worn)
 s - a +0 cloak (worn)
 B - +0 steam dragon scales (worn)
 C - a +0 kite shield
 D - a +2 robe of fire resistance
Magical Staves
 k - a staff of earth
Jewellery
 t - a ring of flight (left hand)
 v - a ring of resist corrosion (right hand)
Wands
 m - a wand of acid (7)
 n - a wand of polymorph (8)
 y - a wand of iceblast (10)
 A - a wand of flame (16)
 I - a wand of charming (8)
Scrolls
 c - 3 scrolls of enchant armour
 g - a scroll of holy word
 h - 2 scrolls of fear
 o - a scroll of magic mapping {unknown}
 x - a scroll of amnesia {unknown}
 H - a scroll of noise {unknown}
 J - a scroll of identify
Potions
 b - 2 potions of haste
 d - a potion of lignification
 j - a potion of degeneration {unknown}
 l - a potion of attraction {unknown}
 p - 2 potions of flight {unknown}
 q - 2 potions of curing {unknown}
 u - a potion of mutation {unknown}
 w - a potion of experience {unknown}
 z - a potion of magic {unknown}
 E - a potion of brilliance {unknown}
 G - a potion of resistance {unknown}


   Skills:
 + Level 3.5 Fighting
 + Level 5.0 Short Blades
 + Level 6.0 Dodging
 + Level 12.5 Stealth
 + Level 6.7 Spellcasting
 + Level 7.8 Conjurations
 * Level 1.5 Translocations


You had 12 spell levels left.
You knew the following spells:

 Your Spells              Type           Power      Damage    Failure   Level
a - Magic Dart            Conj           100%       1d8       1%          1
b - Searing Ray           Conj           86%        3d6       1%          2
c - Dazzling Flash        Conj/Hex       50%        N/A       4%          3
d - Iskenderun's Mystic   Conj/Tloc      29%        2d7       12%         4

Your spell library contained the following spells:

 Spells                   Type           Power      Damage    Failure   Level
 Apportation              Tloc           28%        N/A       4%          1
 Animate Skeleton         Necr           14%        N/A       8%          1
 Corona                   Hex            7%         N/A       8%          1
 Summon Small Mammal      Summ           28%        N/A       8%          1
 Fulminant Prism          Conj/Hex       12%        3d9       16%         4
 Summon Guardian Golem    Hex/Summ       7%         N/A       24%         3
 Lightning Bolt           Conj/Air       12%        1d26      41%         5
 Airstrike                Air            3%         N/A       61%         4
 Summon Lightning Spire   Summ/Air       7%         N/A       61%         4
 Orb of Destruction       Conj           21%        9d9       95%         7
 Spellforged Servitor     Conj/Summ      12%        N/A       100%        7
 Storm Form               Tmut/Air       3%         N/A       100%        7
 Maxwell's Capacitive Co  Air            3%         ∞         100%        8


Dungeon Overview and Level Annotations

Branches:
Dungeon (8/15)             Temple (1/1) D:7
   Lair: D:8-11

Altars:
Ashenzari
Cheibriados
Elyvilon
Fedhas
Gozag
Nemelex Xobeh
Okawaru
Qazlal
Sif Muna
Trog
Vehumet
Wu Jian
Zin


Innate Abilities, Weirdness & Mutations

You are small and have problems with some larger weapons.
You are completely attuned to the shadows.


Message History

Casting: Searing Ray (safe; 1% risk of failure)
Confirm with . or Enter, or press ? or * to list all spells.
Aiming: Searing Ray (safe; 1% risk of failure)
Press: ? - help, Shift-Dir - straight line, f/p - gargoyle
Aim: a gargoyle, wielding a +0 flail (severely damaged, 91% to hit)
The searing ray hits the gargoyle but does no damage.
The gargoyle is severely damaged. (Press . to maintain the ray.)
You feel sick. The gargoyle closely misses you.
The searing ray hits the gargoyle.
The gargoyle is almost destroyed.
You feel sick.
The gargoyle hurls a stone arrow at you.
The stone arrow hits you!
* * * LOW HITPOINT WARNING * * *
The searing ray hits the gargoyle but does no damage.
The gargoyle is almost destroyed.
You feel sick.
You are no longer poisoned.
The gargoyle hits you with a +0 flail!
* * * LOW HITPOINT WARNING * * *
The searing ray hits the gargoyle but does no damage.
The gargoyle is almost destroyed.
You finish channeling your searing ray.
The gargoyle misses you.
You feel much better.
The gargoyle hurls a stone arrow at you.
The stone arrow misses you.
Casting: Searing Ray (safe; 1% risk of failure)
Confirm with . or Enter, or press ? or * to list all spells.
Aiming: Searing Ray (safe; 1% risk of failure)
Press: ? - help, Shift-Dir - straight line, f/p - gargoyle
Aim: a gargoyle, wielding a +0 flail (almost destroyed, 91% to hit)
The searing ray hits the gargoyle but does no damage.
The gargoyle is almost destroyed. (Press . to maintain the ray.)
The gargoyle hurls a stone arrow at you.
The stone arrow hits you!!
Ouch! That really hurt!
You die...
Your body disappears without a glow.

..............#......
.....#######..###....
.....# .##..#######
.....# ............
.....# ............
.....# .#.#####.#..
.....# .#.......#..
.....##...#.#...#.#.#
...#@.... #.#._.#.#..
...9#.... .#.#.. ...)
#... ...#.. .... ...
##.#.. .#.. .. ......
...... ..... ......
......


You could see a gargoyle.

Vanquished Creatures
  Pikel (D:6)
  5 yaks
  A vampire mosquito (D:6)
  A steam dragon (D:6)
  An acid dragon (D:8)
  3 water moccasins
  3 orc warriors
  2 sky beasts
  An ice beast (D:4)
  An ogre (D:6)
  6 centaurs
  3 lemures (D:6)
  A phantom (D:4)
  A kobold brigand (D:6)
  A bullfrog (D:7)
  A gnoll sergeant (D:6)
  4 wights
  3 hounds
  2 jellies
  2 gnoll shamans
  5 orc priests
  3 bullfrog skeletons
  A centaur skeleton (D:6)
  8 orc wizards
  An iguana (D:5)
  2 killer bee zombies
  A hound skeleton (D:4)
  8 gnolls
  9 adders
  A shadow imp (D:6)
  2 white imps
  An adder skeleton (D:4)
  A worm (D:3)
  A dart slug (D:1)
  19 orcs
  9 bats
  7 endoplasms
  5 giant cockroaches
  8 goblins
  10 hobgoblins
  5 jackals
  4 quokkas
  11 ball pythons
  4 frilled lizards
  10 kobolds
  4 rats
183 creatures vanquished.

Notes
Turn   | Place    | Note
-------+----------+-------------------------------------------
     0 | D:1      | Almogavar the Kobold Conjurer began the quest for the Orb.
     0 | D:1      | Reached XP level 1. HP: 10/10 MP: 3/3
   298 | D:1      | Found a faded altar of an unknown god.
   301 | D:1      | Reached XP level 2. HP: 15/15 MP: 1/5
   304 | D:1      | Learned a level 2 spell: Searing Ray
   691 | D:1      | Reached skill level 3 in Stealth
   956 | D:1      | Reached XP level 3. HP: 18/19 MP: 3/6
  1579 | D:2      | Reached XP level 4. HP: 24/24 MP: 0/7
  1589 | D:2      | Reached skill level 4 in Stealth
  1781 | D:2      | Found a shimmering blue altar of Sif Muna.
  2474 | D:3      | Reached skill level 1 in Short Blades
  2555 | D:3      | Reached XP level 5. HP: 7/28 MP: 0/8
  2956 | D:3      | Noticed a sky beast
  2979 | D:3      | Killed a sky beast
  2980 | D:3      | Reached skill level 5 in Stealth
  2980 | D:3      | Reached XP level 6. HP: 25/33 MP: 0/10
  3297 | D:3      | Reached skill level 5 in Conjurations
  3510 | D:3      | You fall into a shaft and drop 1 floor!
  3599 | D:4      | Reached skill level 6 in Stealth
  3730 | D:4      | Noticed a water moccasin
  3736 | D:4      | Killed a water moccasin
  3880 | D:4      | Noticed an ice beast
  4009 | D:4      | Reached XP level 7. HP: 37/37 MP: 12/12
  4311 | D:4      | Reached skill level 1 in Fighting
  4311 | D:4      | Reached skill level 7 in Stealth
  4963 | D:4      | Learned a level 3 spell: Dazzling Flash
  5256 | D:5      | Entered Level 5 of the Dungeon
  5269 | D:5      | Reached skill level 8 in Stealth
  5596 | D:5      | Reached XP level 8. HP: 43/43 MP: 5/13
  6163 | D:6      | Reached skill level 9 in Stealth
  6408 | D:6      | Reached skill level 10 in Stealth
  6527 | D:6      | Reached XP level 9. HP: 33/48 MP: 10/15
  7233 | D:6      | Noticed Pikel
  7712 | D:6      | Reached skill level 11 in Stealth
  7740 | D:6      | Reached skill level 5 in Spellcasting
  8099 | D:6      | Killed Pikel
  8338 | D:6      | Learned a level 4 spell: Iskenderun's Mystic Blast
  8439 | D:6      | Reached skill level 5 in Dodging
  8511 | D:7      | Reached XP level 10. HP: 46/56 MP: 14/18
  9046 | D:7      | Found a staircase to the Ecumenical Temple.
  9052 | Temple   | Entered the Ecumenical Temple
  9205 | Temple   | Became a worshipper of Nemelex Xobeh the Trickster
  9316 | D:7      | Reached skill level 12 in Stealth
  9527 | D:6      | Reached skill level 5 in Short Blades
 10621 | D:8      | Found an ornate altar of the Wu Jian Council.
 10676 | D:8      | Found a blossoming altar of Fedhas.
 10917 | D:8      | Noticed a +0 short sword
 10917 | D:8      | Noticed a +0 dagger
 10918 | D:8      | Noticed a +0 dagger
 10945 | D:8      | Reached skill level 1 in Translocations
 11383 | D:8      | Found a bloodstained altar of Trog.
 11449 | D:8      | Noticed a gargoyle
 11460 | D:8      | Killed from afar by a gargoyle

Illustrated notes

Levels and vault maps discovered:
D:1:      wander_arrival_chamber, layout_basic,
          hellmonk_ecumenical_altar_slurped_away, grunt_decor_resistance,
          minivault_23, kennysheep_decorative_pillar, st_stairs_5,
          minmay_misc_feat_rugged, minmay_pentomino_r4
D:2:      layout_loops_ring, basic_altar, kennysheep_crisscross,
          amcnicky_mini_corridor_feature
D:3:      layout_loops_ring, st_stairs_3, minmay_circle_x
D:4:      layout_loops_corners, kennysheep_another_room, lightli_corner_chamber
D:5:      layout_rooms
D:6:      layout_gridville, minmay_divided_ellipse, uniq_pikel
D:7:      layout_layer_cave, minmay_temple_entry_enclosed_plants
D:8:      layout_gridville, mainiacjoe_overflow_cross_hatched,
          nicolae_uskayaw_en_pointe, lemuel_doored_altar,
          nicolae_overflow_hidden_temple, moated_statue, kennysheep_path_1,
          minmay_manual_moon
Temple:   regret_index_temple_generic_petals

Skill      XL: |  1  2  3  4  5  6  7  8  9 10 |
---------------+-------------------------------+-----
Stealth        | 3 4 5 6 8 10 11 12 | 12.5
Short Blades   | 1 2 3 4 5 |  5.0
Spellcasting   | 3 4 5 6 |  6.7
Conjurations   | 5 6 7 |  7.8
Fighting       | 1 2 3 |  3.5
Dodging        | 3 5 6 |  6.0
Translocations | 1 |  1.5

Action                   |  1- 3 |  4- 6 |  7- 9 | 10-12 || total
-------------------------+-------+-------+-------+-------++-------
Melee: Dagger            |    21 |    35 |    56 |    23 ||   135
 Cast: Magic Dart        |    25 |    14 |     2 |     1 ||    42
       Searing Ray       |     4 |    16 |    54 |    34 ||   108
  Use: Scroll            |     4 |     1 |     6 |       ||    11
       Potion            |       |       |       |     1 ||     1
 Stab: Sleeping          |    14 |    14 |    21 |     2 ||    51
Armor: Robe              |     7 |     3 |     5 |       ||    15
       Steam dragon scal |       |       |    16 |    13 ||    29
Dodge: Dodged            |    10 |    24 |    79 |    41 ||   154
